 Dungeon Crawl Stone Soup version 0.27.1-4-g1640c2035a (webtiles) character file.

Game seed: 10659390451797905746

17 BinkBink the Magician (level 2, -1/21 HPs)
             Began as a Djinni Fire Elementalist on Nov 4, 2021.
             Slain by a hobgoblin (2 damage)
             ... on level 2 of the Dungeon.
             The game lasted 00:01:45 (474 turns).

BinkBink the Magician (Djinni Fire Elementalist)     Turns: 474, Time: 00:01:46

Health: -1/21      AC:  2    Str:  7    XL:     2   Next: 80%
Gold:   17         EV: 12    Int: 16    God:
                   SH:  0    Dex: 13

rFire    + + .     SeeInvis .   e - +2 falchion (elec)
rCold    x . .     Faith    .   (no shield)
rNeg     . . .     Spirit   .   a - +0 robe
rPois    ∞         Reflect  .   (no helmet)
rElec    .         Harm     .   (no cloak)
rCorr    .         Rampage  .   (no gloves)
Will     .....                  (boots unavailable)
Stlth    ++........             (no amulet)
HPRegen  0.07/turn              (no ring)
MPRegen  0.00/turn              (no ring)

@: flying
A: sickness immunity, fire resistance 2, cold vulnerability 1, float, innate
caster, hp casting, extra vitality 1
a: no special abilities


You were on level 2 of the Dungeon.
You visited 1 branch of the dungeon, and saw 2 of its levels.

You collected 17 gold pieces.

Inventory:

Hand Weapons
 e - a +2 falchion of electrocution (weapon)
Armour
 a - a +0 robe (worn)
Scrolls
 b - a scroll of immolation {unknown}
 c - 2 scrolls of blinking {unknown}
 d - a scroll of fog {unknown}


   Skills:
 + Level 2.3 Dodging
 + Level 1.6 Stealth
 + Level 3.0 Spellcasting


You couldn't memorise any spells.
You knew the following spells:

 Your Spells              Type           Power      Damage    Failure   Level
a - Foxfire               Conj/Fire      48%        2x1d6     5%          1
b - Conjure Flame         Conj/Fire      12%        6-21      16%         3
c - Inner Flame           Hex/Fire       12%        N/A       16%         3
d - Sticky Flame          Conj/Fire      12%        2d4       47%         4
e - Fireball              Conj/Fire      6%         3d5       83%         5
Your spell library was empty.

Dungeon Overview and Level Annotations

Branches:
Dungeon (2/15)

Altars:


Innate Abilities, Weirdness & Mutations

You are immune to sickness and miasma.
You are immune to poison.
Your flesh is very heat resistant. (rF++)
You are vulnerable to cold. (rC-)
You float through the air rather than walking.
You learn spells naturally, not from books.
Your magical power is your life essence.
You have superior vitality. (+4 HP)


Message History

The frilled lizard bites you but does no damage.
A bat comes into view.
The endoplasm misses you. The frilled lizard barely misses you.
The goblin unwields a +0 club.
The goblin wields a +0 hunting sling.
The goblin shoots a stone.
The stone closely misses you. The endoplasm barely misses you.
The frilled lizard bites you. The hobgoblin hits you.
The endoplasm hits you but does no damage.
The frilled lizard closely misses you.
The goblin unwields a +0 hunting sling.
The goblin wields a +0 club.
The goblin misses you.
You riposte.
You hit the goblin. Lightning courses through the goblin!
You kill the goblin!
The hobgoblin hits you but does no damage.
The endoplasm misses you. The frilled lizard barely misses you.
The hobgoblin hits you. The endoplasm freezes you.
You are frozen.
The frilled lizard bites you but does no damage.
The hobgoblin barely misses you. The endoplasm freezes you.
You are frozen.
You feel a terrible chill!
* * * LOW HITPOINT WARNING * * *
The frilled lizard misses you.
You riposte.
You hit the frilled lizard.
You kill the frilled lizard!
The hobgoblin closely misses you. The bat completely misses you.
You riposte.
You hit the bat. Lightning courses through the bat!
You kill the bat!
The endoplasm hits you but does no damage.
The kobold hits you with a +0 dagger.
* * * LOW HITPOINT WARNING * * *
The hobgoblin hits you.
* * * LOW HITPOINT WARNING * * *
Your Spellcasting skill increases to level 3!
Unknown command.
The endoplasm hits you.
* * * LOW HITPOINT WARNING * * *
The kobold barely misses you.
You riposte.
You closely miss the kobold. The hobgoblin hits you.
You die...

##.#.# #.#.#
#...# ####
#>.##
.#...##..#
##
......#..#
..
.........#.#
......gKJ..#
.......@)###
.........#
##...#...#
#########


You could see an endoplasm, a hobgoblin and a kobold.

Vanquished Creatures
  A ball python (D:1)
  An endoplasm (D:1)
  A giant cockroach (D:1)
  2 goblins
  3 hobgoblins (D:1)
  2 quokkas (D:1)
  2 bats
  A frilled lizard (D:2)
  A kobold (D:1)
  A rat (D:1)
15 creatures vanquished.

Vanquished Creatures (others)
  24 foxfires (D:1)
24 creatures vanquished.

Grand Total: 39 creatures vanquished

Notes
Turn   | Place    | Note
-------+----------+-------------------------------------------
     0 | D:1      | BinkBink the Djinni Fire Elementalist began the quest for
                  | the Orb.
     0 | D:1      | Reached XP level 1. HP: 15/15 MP: 0/0
   249 | D:1      | Reached XP level 2. HP: 20/21 MP: 0/0
   473 | D:2      | HP: 1/21 [hobgoblin (1)]
   474 | D:2      | Reached skill level 3 in Spellcasting
   474 | D:2      | Slain by a hobgoblin

Illustrated notes

Levels and vault maps discovered:
D:1:      noname_arrival_rooms_in_the_neighbourhood, layout_basic,
          shapermc_ecumenical_altar_mp_vishouse, chequers_serial_rivers_micro_d
D:2:      layout_rooms, hangedman_decor_clover_reticule, uniq_crazy_yiuf_cottage

Skill      XL: |  1  2 |
---------------+-------+-----
Spellcasting   | 3 |  3.0
Dodging        | |  2.3
Stealth        | |  1.6

Action                   || total
-------------------------++-------
Melee: Falchion          ||     2
 Cast: Foxfire           ||    14
Armor: Robe              ||     5
Dodge: Dodged            ||    27
       Rpst.: Falchion   ||     9
